 Dungeon Crawl Stone Soup version 0.25-a0-429-g4e4398398a (webtiles) character file.

Game seed: 16381113464840481929, levelgen mode: deterministic

585582 jperry the Minotaur Porcupine (level 26, -19/261 HPs)
             Began as a Minotaur Berserker on Jan 25, 2020.
             Was a High Priest of Trog.
             Killed from afar by an orb of fire (23 damage)
             ... with a fireball
             ... on level 4 of the Realm of Zot on Jan 26, 2020.
             The game lasted 03:16:36 (58001 turns).

jperry the Minotaur Porcupine (Minotaur Berserker) Turns: 58001, Time: 03:16:36

Health: -19/261    AC: 31    Str: 41    XL:     26   Next: 6%
Magic:  0/22       EV: 27    Int:  4    God:    Trog [*****.]
Gold:   1608       SH: 32    Dex: 14    Spells: 25/25 levels left

rFire    + . .     SeeInvis .   w - +8 trident of the Octopus King {venom, rElec rPois MR+}
rCold    + + .     Gourm    .   d - +3 large shield {rC+}
rNeg     . . .     Faith    .   t - +7 chain mail of the Ten Eyes {rC+ Str+3}
rPois    +         Spirit   +   R - +2 hat
rElec    +         Reflect  .   a - +2 cloak
rCorr    .         Harm     .   S - +1 pair of gloves {Str+3}
MR       +++++                  m - +0 pair of boots
Stlth    +.........             f - amulet "Ryjanoy" {Spirit MR+ Dex+3 Slay+2}
HPRegen  1.53/turn              n - ring "Uhoil" {rF+ Str+2}
MPRegen  0.18/turn              O - ring of Phasing {EV+8}

@: berserk cooldown, regenerating (expiring), slowed, studying Unarmed Combat,
very slow
A: retaliatory headbutt, horns 2, blurry vision 1, screaming 1
}: 3/15 runes: barnacled, silver, gossamer
a: Berserk, Trog's Hand, Brothers in Arms, Renounce Religion


You were on level 4 of the Realm of Zot.
You worshipped Trog.
Trog was extremely pleased with you.
You were near starving.

You visited 9 branches of the dungeon, and saw 47 of its levels.
You also visited: Sewer, Ossuary and Volcano.

You collected 5092 gold pieces.
You spent 3484 gold pieces at shops.

Inventory:

Hand Weapons
 o - a +4 spear
 w - the +8 trident of the Octopus King (weapon) {venom, rElec rPois MR+}
   (You found it on level 4 of the Shoals)

   It poisons the flesh of those it strikes.
   It insulates you from electricity.
   It protects you from poison.
   It affects your resistance to hostile enchantments.
 x - a +9 halberd of flaming
Missiles
 E - 30 silver javelins (quivered)
 G - 19 javelins
Armour
 a - a +2 cloak (worn)
 d - a +3 large shield of cold resistance (worn)
 m - a +0 pair of boots (worn)
 t - the +7 chain mail of the Ten Eyes (worn) {rC+ Str+3}
   (You found it on level 5 of the Vaults)

   It affects your strength (+3).
   It protects you from cold.
   If you remove this armour, your AC will fall 21 points (31 -> 10)
 R - a +2 hat (worn)
 S - a +1 pair of gloves of strength (worn)
Jewellery
 b - an uncursed ring of see invisible
 f - the amulet "Ryjanoy" (around neck) {Spirit MR+ Dex+3 Slay+2}
   (You bought it in a shop on level 2 of the Orcish Mines)

   [amulet of guardian spirit]

   It causes incoming damage to be split between your health and magic.
   It affects your dexterity (+3).
   It affects your accuracy and damage with ranged weapons and melee attacks
   (+2).
   It affects your resistance to hostile enchantments.
 n - the ring "Uhoil" (left hand) {rF+ Str+2}
   (You found it on level 3 of the Realm of Zot)

   [ring of protection from fire]

   It affects your strength (+2).
   It protects you from fire.
 r - an uncursed ring of stealth
 B - a +5 ring of strength
 O - the ring of Phasing (right hand) {EV+8}
   (You found it on level 8 of the Dungeon)

   [ring of evasion]

   It affects your evasion (+8).
 U - a +4 amulet of reflection
 X - an uncursed ring of protection from magic
Wands
 q - a wand of enslavement (33)
 s - a wand of paralysis (15)
 D - a wand of digging (17)
 F - a wand of flame (79)
 M - a wand of iceblast (37)
 P - a wand of disintegration (43)
 Y - a wand of acid (16)
Scrolls
 i - 23 scrolls of remove curse
 j - 5 scrolls of fear
 k - 2 scrolls of brand weapon
 v - 2 scrolls of holy word
 C - 4 scrolls of identify
 J - 4 scrolls of magic mapping
 L - 14 scrolls of teleportation
 Q - 4 scrolls of fog
Potions
 e - 12 potions of agility
 g - 7 potions of curing
 h - 9 potions of lignification
 l - 5 potions of berserk rage
 u - 8 potions of brilliance
 K - 6 potions of magic
 N - 5 potions of flight
 T - a potion of ambrosia
 V - a potion of cancellation
Books
 A - a manual of Polearms
 W - a manual of Unarmed Combat
Comestibles
 c - 60 rations


   Skills:
 + Level 26.1 Fighting
 O Level 27 Polearms
 + Level 12.0 Throwing
 + Level 17.2 Armour
 + Level 15.5 Dodging
 + Level 8.1 Stealth
 + Level 26.0 Shields
 + Level 0.2 Evocations


You had 25 spell levels left.
You didn't know any spells.
Your spell library was empty.

Dungeon Overview and Level Annotations

Branches:
Dungeon (15/15)            Temple (0/1) D:7            Lair (6/6) D:11
 Shoals (4/4) Lair:2       Spider (4/4) Lair:3        Slime (0/5) Lair:6
    Orc (2/2) D:12            Elf (0/3) Orc:2        Vaults (5/5) D:13
  Crypt (1/3) Vaults:3     Depths (5/5) D:15            Zot (5/5) Depths:5
  Sewer (visited)         Ossuary (visited)         Volcano (visited)

Altars:
Cheibriados
Dithmenos
Fedhas
Gozag
Makhleb
Nemelex Xobeh
Okawaru
Qazlal
Xom

Shops:
D:6 :   Orc:2 (=?(   Shoals:1 **   Shoals:3 %[[?   Shoals:4 (   Vaults:2 (
Vaults:5 =

Portals:
Hell: Depths:1 Depths:2 Depths:3 Depths:5
Abyss: Depths:1 Depths:2
Pandemonium: Depths:2 Depths:3 Depths:5
Ziggurat: Depths:2

Annotations:
D:10 exclusion: 2 oklob plants
Lair:3 1 runed translucent door, Junuurch's ghost, journeyman OpFi
Shoals:1 3 runed translucent doors, exclusion: obsidian statue, emiel's ghost, journeyman VSFi
Spider:3 Roxanne
Vaults:2 3 runed translucent doors
Vaults:3 exclusion: obsidian statue


Innate Abilities, Weirdness & Mutations

You reflexively headbutt those who attack you in melee.
You have a pair of horns on your head.
Scrolls take you a little longer to read.
You occasionally shout uncontrollably at your foes.


Message History

The orb of fire glows red.
The fireball explodes!
The fireball engulfs you. You resist.
* * * LOW HITPOINT WARNING * * *
The curse toe gestures.
Unknown command.
You block the deathcap's attack.
You block the wandering mushroom's attack. x2
The wandering mushroom completely misses you.
You furiously retaliate!
You headbutt the wandering mushroom!
Things that are here:
a +0 cloak; a +0 long sword You feel the effects of Trog's Hand fading.
The orb of fire glows yellow.
The fireball explodes!
The fireball engulfs you!! You resist.
* * * LOW HITPOINT WARNING * * *
The fireball engulfs the orb of fire.
The orb of fire completely resists.
The fireball engulfs the orb of fire.
The orb of fire completely resists.
The orb of fire glows red.
The fireball explodes!
The fireball engulfs you!! You resist.
You die...

#..ff......####.
#...>.....## #.
#[?..f....# #.
##f.°...:..# ##.
##.fz☼......# #..
##..ff....####
#.. ###..[.f....#
#.. #..**[[.....#
##.
##...@...#...# #(
####...[...######
#. #.........##
#. #.....<...# #.
#.........# #.
#.........# #.
#...##....# #.
########### #. #.


You could see 2 orbs of fire, a curse toe, a deathcap and 5 wandering mushrooms.

Vanquished Creatures
  An ancient lich (Zot:4)
  A juggernaut (Depths:2)
  A Killer Klown (Zot:5)
  Saint Roka (Depths:3)
  Frederick (Vaults:3)
  Bai Suzhen (Spider:3)
  Xtahua (Vaults:2)
  4 caustic shrikes (Depths:4)
  4 curse toes
  10 golden dragons
  Nikola (Shoals:3)
  A bone dragon (Vaults:3)
  2 electric golems
  3 liches
  12 tentacled monstrosities
  Asterion (Depths:1)
  9 Orb Guardians
  2 krakens
  3 quicksilver dragons
  9 titans
  Kirke (Spider:2)
  2 sphinxes (Vaults:5)
  6 death cobs
  9 draconian monks
  7 storm dragons
  12 shadow dragons
  Gastronok (D:9)
  8 tengu reavers
  10 fire giants
  6 ghost moths
  15 vault wardens
  A fire giant (shapeshifter) (Depths:2)
  5 draconian knights
  4 draconian scorchers
  3 iron dragons
  3 deep elf sorcerers (Vaults:5)
  2 emperor scorpions (Spider:4)
  12 frost giants
  A deep elf elementalist (Vaults:5)
  7 draconian shifters
  5 draconian stormcallers
  10 ironheart preservers
  18 stone giants
  25 very ugly things
  3 draconian annihilators
  2 war gargoyles (Vaults:5)
  5 vampire knights
  5 black draconians
  A deep elf demonologist (Vaults:5)
  11 entropy weavers
  14 green draconians
  11 white draconians
  3 deep elf annihilators
  8 red draconians
  5 spark wasps
  13 yellow draconians
  15 ettins
  8 purple draconians
  A crystal guardian (Vaults:5)
  5 merfolk javelineers (Shoals:4)
  3 deep elf death magi
  A blizzard demon (Depths:5)
  14 yaktaur captains
  15 merfolk impalers
  11 fire dragons
  5 great orbs of eyes
  3 deep elf high priests (Vaults:5)
  38 vault guards
  9 rakshasas
  The ghost of Elauc the Fighter, a journeyman HOWn (D:11)
  4 hydras (Lair:6)
  Erolcha (D:10)
  5 merfolk avatars
  A spriggan air mage (Depths:3)
  16 ice dragons
  An anaconda (shapeshifter) (Depths:1)
  6 centaur warriors
  65 two-headed ogres
  2 merfolk aquamancers
  An alligator snapping turtle (Shoals:4)
  9 dancing weapons
  A queen ant (Spider:1)
  2 death knights (D:14)
  5 deep troll earth magi
  A satyr (Shoals:3)
  19 ogre magi
  7 death yaks (Lair:4)
  4 orc high priests (Orc:2)
  3 tengu warriors (Depths:3)
  4 deep troll shamans
  3 vampire magi
  A shock serpent (shapeshifter) (Vaults:5)
  3 spriggan berserkers
  4 deep elf knights
  A sun demon (Depths:5)
  2 fire crabs (shapeshifter)
  2 soul eaters
  6 skeletal warriors
  10 sea snakes
  4 shadow wraiths
  8 hell knights
  A sea snake (shapeshifter) (Vaults:5)
  A salamander mystic (Depths:3)
  2 iron trolls
  A spectral anaconda (Depths:4)
  A storm dragon skeleton (Vaults:4)
  17 deep trolls
  A glowing orange brain (Depths:5)
  3 unseen horrors
  A lindwurm (Lair:6)
  A flayed ghost (Depths:3)
  16 orc knights
  A swamp dragon (shapeshifter) (Depths:5)
  2 deep elf archers (Vaults:4)
  11 wizards
  3 phantasmal warriors
  20 harpies
  A wolf spider zombie (D:13)
  15 ironbrand convokers
  17 orb spiders
  12 deep elf magi
  4 necromancers
  9 fauns
  53 ugly things
  7 orc sorcerers
  35 wolf spiders
  10 cyclopes
  A salamander (shapeshifter) (Vaults:5)
  5 toenail golems (Volcano)
  13 manticores
  30 moths of wrath
  A fire giant skeleton (Depths:2)
  4 salamanders (Depths:3)
  3 water nymphs
  15 vault sentinels
  A human skeleton (Vaults:4)
  6 merfolk sirens
  4 elephants (Lair:4)
  10 spiny frogs
  A torpor snail (Lair:4)
  2 black mambas (shapeshifter)
  3 molten gargoyles (Lair:6)
  3 black mambas
  2 gargoyles
  2 rime drakes
  3 freezing wraiths
  A yaktaur (shapeshifter) (D:14)
  A komodo dragon (shapeshifter) (Vaults:2)
  61 yaktaurs
  2 kobold demonologists
  14 komodo dragons
  9 demonic crawlers
  3 tengu conjurers
  9 wind drakes
  A jumping spider (shapeshifter) (D:13)
  A troll (shapeshifter) (Vaults:1)
  26 jumping spiders
  4 polar bears
  11 trolls
  A sphinx simulacrum (Depths:2)
  A polar bear (shapeshifter) (Depths:1)
  20 blink frogs
  10 hippogriffs
  7 hornets
  A wind drake (shapeshifter) (Vaults:1)
  18 slime creatures (D:15)
  5 snapping turtles (Shoals:4)
  A raiju (Depths:4)
  36 merfolk
  A snapping turtle (shapeshifter) (Depths:1)
  4 dream sheep
  A raiju (shapeshifter) (D:15)
  An ettin zombie (Vaults:4)
  3 spriggans
  Sigmund (D:3)
  3 redbacks (shapeshifter)
  2 shadows (Depths:4)
  74 redbacks
  32 tarantellas
  2 wraiths
  54 yaks
  3 fire bats (Depths:3)
  6 wyverns
  A ynoxinul (Depths:5)
  4 hogs (Spider:2)
  11 water elementals
  2 wyverns (shapeshifter)
  A basilisk (shapeshifter) (D:13)
  A basilisk (Lair:6)
  2 hungry ghosts
  A golden eye (shapeshifter) (Depths:5)
  7 vampire mosquitoes (D:14)
  A chaos spawn (Depths:5)
  A soldier ant (shapeshifter) (Vaults:4)
  14 soldier ants
  15 wargs
  3 acid dragons (Vaults:2)
  Menkaure (D:5)
  A hydra simulacrum (Depths:4)
  A floating eye (Depths:2)
  11 water moccasins
  Duvessa (D:4)
  7 hell hounds
  11 porcupines
  44 orc warriors
  3 black bears
  3 elephant zombies (Lair:3)
  5 sky beasts
  Purgy (Sewer)
  A snapping turtle zombie (Depths:4)
  An eye of draining (shapeshifter) (D:15)
  3 ice beasts
  A necrophage (D:9)
  3 phantoms
  25 centaurs
  16 boggarts
  16 wolves
  59 ogres
  11 crocodiles
  3 elf zombies
  11 big kobolds
  25 bullfrogs
  Dowan (D:4)
  8 scorpions
  A wyvern skeleton (D:8)
  A hornet simulacrum (Vaults:1)
  4 killer bees (D:11)
  5 electric eels
  17 wights
  4 howler monkeys
  7 centaur zombies
  5 crimson imps
  5 lava snakes (Lair:6)
  2 quasits
  2 human zombies
  39 orc priests
  2 bullfrog zombies
  2 jellies
  7 hounds
  4 bullfrog skeletons
  Crazy Yiuf (D:3)
  5 centaur skeletons
  An iron imp (Depths:3)
  2 iguanas
  Natasha (twice) (D:4)
  33 orc wizards
  4 hell rats (Lair:3)
  25 worker ants
  A crocodile zombie (Lair:3)
  A hound skeleton (D:10)
  2 mummies (Ossuary)
  A howler monkey zombie (D:9)
  3 worker ant zombies
  4 gnolls (D:9)
  11 adders
  5 shadow imps
  2 oozes
  3 adder zombies
  3 worms
  5 dart slugs
  4 leopard geckos
  119 orcs
  6 bats
  5 giant cockroaches
  7 goblins
  6 hobgoblins
  14 jackals
  A quokka (D:9)
  A ball python (D:1)
  7 frilled lizards
  3 goblin zombies (Ossuary)
  12 hobgoblin zombies (Ossuary)
  A jackal zombie (Ossuary)
  32 kobolds
  10 kobold zombies (Ossuary)
  2 leopard gecko skeletons
  6 orc zombies (Ossuary)
  A quokka skeleton (D:4)
  12 rats
  A fungus (Lair:6)
  A plant (Shoals:1)
  11 tentacles
2256 creatures vanquished.

Vanquished Creatures (collateral kills)
  A golden dragon (Zot:4)
  Ilsuiw (Shoals:4)
  A draconian scorcher (Zot:4)
  An ironheart preserver (Vaults:1)
  The ghost of vurker the Stormcaller, a journeyman TeAE of Vehumet (Orc:2)
  A minotaur (Orc:2)
  A merfolk javelineer (Shoals:4)
  A merfolk impaler (Shoals:3)
  A centaur warrior (Orc:2)
  2 orc knights (Orc:2)
  3 merfolk
  A wind drake (Shoals:4)
15 creatures vanquished.

Vanquished Creatures (others)
  A very ugly thing (Vaults:4)
  An ice dragon (Depths:1)
  A draconian (D:1)
  A manticore (Shoals:3)
  An octopode (D:1)
  An elf (D:1)
  A troll (D:1)
  A formicid (D:1)
  2 spriggans (D:1)
  A tarantella (Spider:4)
  2 vampires (D:1)
  A human (D:1)
  A warg (Depths:4)
  A dwarf (D:1)
  6 boggarts
  A centaur (Depths:3)
  A mummy (D:1)
  18 fungi
  16 plants
  40 tentacles
98 creatures vanquished.

Grand Total: 2369 creatures vanquished

Notes
Turn   | Place    | Note
-------+----------+-------------------------------------------
     0 | D:1      | jperry the Minotaur Berserker began the quest for the Orb.
     0 | D:1      | Reached XP level 1. HP: 19/19 MP: 0/0
     0 | D:1      | Noticed a draconian
     0 | D:1      | Noticed a spriggan
     0 | D:1      | Noticed a dwarf
     0 | D:1      | Noticed an octopode
     0 | D:1      | Noticed an elf
     0 | D:1      | Noticed a human
     0 | D:1      | Noticed a kraken
     0 | D:1      | Noticed a vampire
     0 | D:1      | Noticed a vampire
     0 | D:1      | Noticed a spriggan
     0 | D:1      | Noticed a troll
     0 | D:1      | Noticed a formicid
     3 | D:1      | Killed a troll
     4 | D:1      | Killed a vampire
     5 | D:1      | Killed a spriggan
     5 | D:1      | Killed a spriggan
     6 | D:1      | Killed a formicid
     8 | D:1      | Killed a human
     9 | D:1      | Killed a dwarf
    10 | D:1      | Killed a vampire
    11 | D:1      | Killed a draconian
    11 | D:1      | Killed an octopode
    11 | D:1      | Killed an elf
   126 | D:1      | Reached XP level 2. HP: 19/27 MP: 1/1
   150 | D:1      | Reached skill level 4 in Polearms
   438 | D:1      | Reached XP level 3. HP: 29/33 MP: 2/2
   464 | D:1      | Reached ** piety under Trog
  1376 | D:2      | Noticed an ogre
  1383 | D:2      | Killed an ogre
  1383 | D:2      | Reached skill level 5 in Polearms
  1383 | D:2      | Reached XP level 4. HP: 41/41 MP: 3/3
  1510 | D:3      | Reached XP level 5. HP: 29/47 MP: 4/4
  1511 | D:3      | Noticed Sigmund
  1523 | D:3      | Killed Sigmund
  1523 | D:3      | Reached skill level 5 in Fighting
  1523 | D:3      | Reached skill level 6 in Polearms
  1523 | D:3      | Reached skill level 1 in Stealth
  1523 | D:3      | Reached XP level 6. HP: 42/56 MP: 5/5
  1825 | D:3      | Reached *** piety under Trog
  1825 | D:3      | Reached skill level 1 in Shields
  2280 | D:3      | Found a runed translucent door.
  2281 | D:3      | Noticed Crazy Yiuf
  2372 | D:3      | Killed Crazy Yiuf
  2372 | D:3      | Reached skill level 7 in Polearms
  2479 | D:4      | Reached XP level 7. HP: 61/61 MP: 6/6
  2806 | D:4      | Noticed Natasha
  2812 | D:4      | Killed Natasha
  2813 | D:4      | Noticed Dowan
  2813 | D:4      | Noticed Duvessa
  2817 | D:4      | Found a glowing drain.
  2871 | D:4      | Killed Duvessa
  2882 | D:4      | Killed Dowan
  2915 | Sewer    | Entered a sewer
  2968 | Sewer    | Got a bloodstained glaive
  2974 | Sewer    | Identified the +9 glaive "Vasymi" {elec, +Fly Str+7} (You
                  | found it in a sewer)
  3050 | Sewer    | Noticed Purgy
  3052 | Sewer    | Killed Purgy
  3052 | Sewer    | Reached skill level 8 in Polearms
  3052 | Sewer    | Reached XP level 8. HP: 70/70 MP: 7/7
  3285 | D:4      | Noticed Natasha
  3291 | D:4      | Killed Natasha
  3291 | D:4      | Reached **** piety under Trog
  3360 | D:4      | Reached skill level 5 in Dodging
  3380 | D:5      | Entered Level 5 of the Dungeon
  3534 | D:5      | Reached skill level 9 in Polearms
  3917 | D:5      | Noticed Menkaure
  3920 | D:5      | Killed Menkaure
  4391 | D:6      | Reached XP level 9. HP: 71/78 MP: 8/8
  4436 | D:6      | Found Naxupid's Book Emporium.
  4450 | D:6      | Reached skill level 10 in Polearms
  4529 | D:6      | Found a snail-covered altar of Cheibriados.
  4561 | D:6      | Reached ***** piety under Trog
  4561 | D:6      | Received a gift from Trog
  4920 | D:7      | Found a staircase to the Ecumenical Temple.
  4979 | D:7      | Found a shimmering altar of Xom.
  5123 | D:7      | Reached skill level 11 in Polearms
  5123 | D:7      | Reached skill level 5 in Armour
  5472 | D:8      | Found a sand-covered staircase.
  5477 | Ossuary  | Entered an ossuary
  5589 | Ossuary  | Received a gift from Trog
  5875 | D:8      | Found a shadowy altar of Dithmenos.
  5875 | D:8      | Found a burning altar of Makhleb.
  6030 | D:8      | Found a stormy altar of Qazlal.
  6187 | D:8      | Reached skill level 12 in Polearms
  6196 | D:8      | Reached XP level 10. HP: 88/88 MP: 9/9
  6233 | D:8      | Found the ring of Phasing {EV+8}
  6449 | D:9      | Noticed Gastronok
  6473 | D:9      | Killed Gastronok
  6473 | D:9      | Reached skill level 13 in Polearms
  6656 | D:9      | Received a gift from Trog
  6660 | D:9      | Got an ichor-stained glaive {god gift}
  6661 | D:9      | Identified the +2 glaive of Moton {antimagic, Int+3} (Trog
                  | gifted it to you on level 9 of the Dungeon)
  6850 | D:10     | Entered Level 10 of the Dungeon
  6894 | D:10     | Noticed Erolcha
  6902 | D:10     | Killed Erolcha
  6902 | D:10     | Reached skill level 14 in Polearms
  7073 | D:10     | Reached skill level 1 in Throwing
  7105 | D:10     | Reached XP level 11. HP: 97/97 MP: 10/10
  7268 | D:10     | Found a blossoming altar of Fedhas.
  7270 | D:10     | Noticed an oklob plant
  7270 | D:10     | Noticed an oklob plant
  7624 | D:10     | Reached skill level 10 in Fighting
  7624 | D:10     | Reached skill level 15 in Polearms
  7626 | D:10     | Received a gift from Trog
  7851 | D:11     | Found a staircase to the Lair.
  7985 | D:11     | Killed an unseen horror
  8043 | D:11     | Reached skill level 16 in Polearms
  8073 | D:11     | Noticed a green ugly thing
  8085 | D:11     | Killed a green ugly thing
  8145 | D:11     | Found a large runed translucent door.
  8145 | D:11     | Found a large runed translucent door.
  8155 | D:11     | Noticed Elauc's ghost (journeyman HOWn)
  8282 | D:11     | You fall into a shaft and drop 2 floors!
  8282 | D:13     | Noticed a brown ugly thing
  8286 | D:13     | Killed a brown ugly thing
  8428 | D:12     | Found a staircase to the Orcish Mines.
  8430 | D:12     | Reached XP level 12. HP: 108/108 MP: 11/11
  8459 | D:12     | Received a gift from Trog
  8459 | D:12     | Reached skill level 17 in Polearms
  9301 | Lair:1   | Entered Level 1 of the Lair of Beasts
  9468 | Lair:1   | Reached skill level 18 in Polearms
  9519 | Lair:1   | You fall into a shaft and drop 1 floor!
 10389 | Lair:2   | Received a gift from Trog
 10390 | Lair:2   | Got a bone glaive {god gift}
 10391 | Lair:2   | Identified the +6 glaive "Ywearis" {vorpal, rElec} (Trog
                  | gifted it to you on level 2 of the Lair of Beasts)
 10397 | Lair:2   | Found a staircase to the Shoals.
 10796 | Lair:3   | Found a runed translucent door.
 10796 | Lair:3   | Found a shimmering altar of Xom.
 10796 | Lair:3   | Noticed Junuurch's ghost (journeyman OpFi)
 10925 | Lair:3   | Reached XP level 13. HP: 52/118 MP: 12/12
 11346 | Lair:3   | Found a hole to the Spider Nest.
 11594 | Lair:3   | Reached skill level 19 in Polearms
 12257 | Lair:4   | Reached skill level 10 in Armour
 12262 | Lair:4   | Received a gift from Trog
 12645 | Lair:4   | Reached skill level 20 in Polearms
 12909 | Lair:5   | Found a dark tunnel.
 12922 | Volcano  | Entered a volcano
 13190 | Lair:5   | Reached XP level 14. HP: 109/129 MP: 13/13
 13667 | Lair:6   | Entered Level 6 of the Lair of Beasts
 13707 | Lair:6   | Found a staircase to the Slime Pits.
 14011 | Lair:6   | Received a gift from Trog
 14242 | Lair:6   | Found a large runed translucent door.
 14527 | Lair:6   | Found a large runed translucent door.
 14605 | Lair:6   | Reached skill level 21 in Polearms
 15408 | Orc:1    | Entered Level 1 of the Orcish Mines
 15608 | Orc:2    | Entered Level 2 of the Orcish Mines
 15613 | Orc:2    | Received a gift from Trog
 16085 | Orc:2    | Received a gift from Trog
 16117 | Orc:2    | Paralysed by an orc sorcerer for 3 turns
 16238 | Orc:2    | Found a staircase to the Elven Halls.
 16314 | Orc:2    | Found a runed translucent gate.
 16314 | Orc:2    | Found a runed translucent gate.
 16315 | Orc:2    | Found a runed translucent gate.
 16318 | Orc:2    | Noticed vurker's ghost (journeyman TeAE)
 16342 | Orc:2    | Found an iron altar of Okawaru.
 16374 | Orc:2    | Found Tuca's Jewellery Shop.
 16374 | Orc:2    | Found Ageyfus's Antique Weapon Boutique.
 16375 | Orc:2    | Found Archirgho's Magic Scroll Boutique.
 16378 | Orc:2    | Found Zalumykk's Weapon Shop.
 16399 | Orc:2    | Bought a scroll of amnesia for 63 gold pieces
 16399 | Orc:2    | Bought a scroll of identify for 36 gold pieces
 16399 | Orc:2    | Bought a scroll of teleportation for 54 gold pieces
 16399 | Orc:2    | Bought a scroll of identify for 36 gold pieces
 16650 | Orc:1    | Paralysed by an orc sorcerer for 3 turns
 16658 | Orc:1    | Reached skill level 15 in Fighting
 16873 | Orc:2    | Bought the amulet "Ryjanoy" {Spirit MR+ Dex+3 Slay+2} for
                  | 916 gold pieces
 16877 | Orc:2    | Bought a scroll of remove curse for 54 gold pieces
 16877 | Orc:2    | Bought a scroll of remove curse for 54 gold pieces
 16879 | Orc:2    | Bought a +5 ring of strength for 659 gold pieces
 17366 | D:13     | Received a gift from Trog
 17484 | D:13     | Reached XP level 15. HP: 141/141 MP: 14/14
 17492 | D:13     | Found a gate to the Vaults.
 18268 | D:14     | Reached skill level 22 in Polearms
 18274 | D:14     | Received a gift from Trog
 18970 | D:15     | Entered Level 15 of the Dungeon
 19191 | D:15     | Identified the +2 rapier "Rytodd" {pain, Dex+5}
 19491 | D:15     | Received a gift from Trog
 19494 | D:15     | Got a transparent quarterstaff {god gift}
 19495 | D:15     | Identified the +3 quarterstaff of Abuse {vorpal, rF+} (Trog
                  | gifted it to you on level 15 of the Dungeon)
 19660 | D:15     | Found a staircase to the Depths.
 19864 | Shoals:1 | Entered Level 1 of the Shoals
 20012 | Shoals:1 | Noticed a kraken
 20414 | Shoals:1 | Found a runed translucent gate.
 20416 | Shoals:1 | Found a runed translucent gate.
 20416 | Shoals:1 | Found an opulent altar of Gozag.
 20417 | Shoals:1 | Found a runed translucent gate.
 20421 | Shoals:1 | Noticed emiel's ghost (journeyman VSFi)
 20422 | Shoals:1 | Found Ytelep's Assorted Antiques.
 20423 | Shoals:1 | Found Wesam's Assorted Antiques.
 20645 | Shoals:1 | Killed a kraken
 20999 | Shoals:2 | Received a gift from Trog
 21010 | Shoals:2 | Reached XP level 16. HP: 151/154 MP: 15/15
 21655 | Shoals:2 | Reached skill level 5 in Throwing
 21896 | Shoals:3 | Noticed a kraken
 21911 | Shoals:3 | Killed a kraken
 22379 | Shoals:3 | Found Virebyum's Magic Scroll Shop.
 22419 | Shoals:3 | Noticed Nikola
 22441 | Shoals:3 | Killed Nikola
 22441 | Shoals:3 | Received a gift from Trog
 22459 | Shoals:3 | HP: 6/155 [merfolk impaler/+1 trident of protection (12)]
 22835 | Shoals:3 | Found Gah Tol's Armour Boutique.
 22839 | Shoals:3 | Found Ihefiulo's Antique Armour Shop.
 23067 | Shoals:3 | Found Janorgh's Food Boutique.
 23241 | Shoals:3 | Reached skill level 23 in Polearms
 23272 | Shoals:4 | Entered Level 4 of the Shoals
 23291 | Shoals:4 | Noticed Ilsuiw
 23312 | Shoals:4 | Killed Ilsuiw
 23337 | Shoals:4 | Found Dimpa's Antique Weapon Shop.
 23830 | Shoals:4 | Received a gift from Trog
 24298 | Shoals:4 | Reached XP level 17. HP: 150/166 MP: 13/16
 24634 | Shoals:4 | Got a barnacled rune of Zot
 24757 | Shoals:4 | Found the +8 trident of the Octopus King {venom, rElec
                  | rPois MR+}
 24920 | Lair:3   | Got a slimy ring mail
 24930 | Lair:3   | Identified the +4 ring mail of Disappointment {rPois} (You
                  | found it on level 3 of the Lair of Beasts)
 25221 | Spider:1 | Entered Level 1 of the Spider Nest
 25402 | Spider:1 | Received a gift from Trog
 25685 | Spider:1 | Found a runed translucent door.
 25751 | Spider:1 | Got a garnet-encrusted ring mail
 25762 | Spider:1 | Identified the +2 ring mail of the Sparrow {Int+4 Dex-5}
                  | (You found it on level 1 of the Spider Nest)
 25930 | Spider:2 | Received a gift from Trog
 26263 | Spider:2 | Reached skill level 24 in Polearms
 26387 | Spider:2 | Noticed Kirke
 26406 | Spider:2 | Killed Kirke
 26806 | Spider:3 | Identified Roxanne's Reference Book on Transmigration
 26806 | Spider:3 | Noticed Roxanne
 27022 | Spider:3 | Received a gift from Trog
 27255 | Spider:3 | Noticed Bai Suzhen
 27268 | Spider:3 | Killed Bai Suzhen
 27426 | Spider:4 | Entered Level 4 of the Spider Nest
 27446 | Spider:4 | Reached XP level 18. HP: 115/178 MP: 13/17
 27547 | Spider:4 | Reached skill level 5 in Stealth
 28233 | Spider:4 | Received a gift from Trog
 29290 | Spider:4 | Received a gift from Trog
 29825 | Spider:4 | Got a gossamer rune of Zot
 30133 | Vaults:1 | Entered Level 1 of the Vaults
 30193 | Vaults:1 | Reached ****** piety under Trog
 30540 | Vaults:1 | Received a gift from Trog
 30562 | Vaults:1 | Reached skill level 5 in Shields
 31326 | Vaults:1 | Reached XP level 19. HP: 143/188 MP: 15/18
 31422 | Vaults:1 | Received a gift from Trog
 31882 | Vaults:2 | Reached skill level 25 in Polearms
 32273 | Vaults:2 | Received a gift from Trog
 32284 | Vaults:2 | Got a jewelled halberd {god gift}
 32290 | Vaults:2 | Identified the +4 halberd "Oceadiul" {antimagic, rF+ Dex+6}
                  | (Trog gifted it to you on level 2 of the Vaults)
 32427 | Vaults:2 | Noticed Xtahua
 33243 | Vaults:2 | Killed Xtahua
 33243 | Vaults:2 | Reached skill level 15 in Armour
 33549 | Vaults:2 | Found Cosod's Weapon Boutique.
 33886 | Vaults:2 | Received a gift from Trog
 34264 | Vaults:2 | Found a runed translucent gate.
 34265 | Vaults:2 | Found a runed translucent gate.
 34265 | Vaults:2 | Found a runed translucent gate.
 34902 | Vaults:3 | Noticed a bone dragon
 34912 | Vaults:3 | Killed a bone dragon
 34948 | Vaults:3 | Found a staircase to the Crypt.
 34983 | Vaults:3 | Noticed Frederick
 34993 | Vaults:3 | Killed Frederick
 34993 | Vaults:3 | Reached skill level 10 in Shields
 35120 | Vaults:3 | Reached skill level 10 in Dodging
 35124 | Vaults:3 | Reached XP level 20. HP: 108/199 MP: 19/19
 35138 | Vaults:3 | Received a gift from Trog
 35455 | Vaults:3 | Identified Sif Muna's Volume of Orientation
 35767 | Vaults:3 | Found a sparkling altar of Nemelex Xobeh.
 36070 | Crypt:1  | Entered Level 1 of the Crypt
 36883 | Vaults:4 | Received a gift from Trog
 37397 | Vaults:4 | Received a gift from Trog
 38552 | Depths:1 | Entered Level 1 of the Depths
 38591 | Depths:1 | Found a one-way gate to the infinite horrors of the Abyss.
 38630 | Depths:1 | Reached skill level 26 in Polearms
 38726 | Depths:1 | Noticed Asterion
 38728 | Depths:1 | Identified a scroll of acquirement
 38736 | Depths:1 | Killed Asterion
 39230 | Depths:1 | Received a gift from Trog
 39642 | Depths:1 | Reached XP level 21. HP: 185/207 MP: 17/20
 39741 | Depths:1 | Received a gift from Trog
 39982 | Depths:1 | Found a gateway to Hell.
 40457 | Depths:2 | Received a gift from Trog
 40859 | Depths:1 | Identified the +0 hat of Hospitality {rN+ Str+7 Slay-6}
                  | (You acquired it on level 1 of the Depths)
 40863 | Depths:2 | Noticed a juggernaut
 40886 | Depths:2 | Killed a juggernaut
 41039 | Depths:2 | Paralysed by a floating eye for 4 turns
 41094 | Depths:2 | Reached skill level 15 in Shields
 41099 | Depths:2 | Reached skill level 10 in Throwing
 41124 | Depths:2 | Found a gateway to a ziggurat.
 41272 | Depths:2 | Found the +7 Spriggan's Knife {stab, EV+4 Stlth+}
 41283 | Depths:2 | Identified the Catalogue of the Traveller and Battle Magic
 41373 | Depths:2 | Found a one-way gate leading to the halls of Pandemonium.
 41683 | Depths:3 | Received a gift from Trog
 41766 | Depths:3 | Noticed a golden dragon
 41822 | Depths:3 | Killed a golden dragon
 41877 | Depths:3 | Reached XP level 22. HP: 165/217 MP: 18/21
 42266 | Depths:3 | Received a gift from Trog
 42676 | Depths:3 | Noticed Saint Roka
 42707 | Depths:3 | Killed Saint Roka
 43590 | Depths:4 | Received a gift from Trog
 43830 | Depths:5 | Entered Level 5 of the Depths
 43830 | Depths:5 | Noticed a caustic shrike
 43830 | Depths:5 | Noticed a caustic shrike
 43831 | Depths:5 | Noticed a caustic shrike
 43831 | Depths:5 | Noticed a caustic shrike
 43852 | Depths:4 | Killed a caustic shrike
 43859 | Depths:4 | Killed a caustic shrike
 44176 | Depths:4 | Killed a caustic shrike
 44184 | Depths:4 | Killed a caustic shrike
 45686 | Depths:5 | Received a gift from Trog
 45814 | Depths:5 | Reached skill level 27 in Polearms
 45878 | Depths:5 | Reached XP level 23. HP: 227/228 MP: 22/22
 45903 | Depths:5 | Found a gate to the Realm of Zot.
 46716 | D:11     | Killed Elauc's ghost
 46814 | Orc:2    | Killed vurker's ghost
 47100 | Vaults:5 | Entered Level 5 of the Vaults
 47162 | Vaults:5 | Received a gift from Trog
 47165 | Vaults:5 | Paralysed by a floating eye for 2 turns
 48051 | Vaults:5 | Received a gift from Trog
 48485 | Vaults:5 | Identified the +6 scythe "Pemites" {flame, *Corrode +Blink
                  | rElec MP+9}
 48827 | Vaults:5 | Identified the cursed +3 quarterstaff "Giantslayer" {elec,
                  | Str+3}
 48837 | Vaults:5 | Received a gift from Trog
 48956 | Vaults:5 | Reached XP level 24. HP: 96/239 MP: 18/22
 49347 | Vaults:5 | Got a bloodstained chain mail
 49374 | Vaults:5 | Identified the +7 chain mail of the Ten Eyes {rC+ Str+3}
                  | (You found it on level 5 of the Vaults)
 49434 | Vaults:5 | Identified the +9 spear of the Volcano {vamp, rF+ rC+}
 49566 | Vaults:5 | Got a silver rune of Zot
 49841 | Vaults:5 | Received a gift from Trog
 49942 | Vaults:5 | Found Soxeet's Jewellery Shoppe.
 50833 | Shoals:3 | Bought a scroll of acquirement for 780 gold pieces
 50833 | Shoals:3 | Bought a scroll of acquirement for 780 gold pieces
 50833 | Shoals:3 | Bought a scroll of magic mapping for 52 gold pieces
 50833 | Shoals:3 | Identified the amulet of Nig Xoit {Harm *Drain Int+3} (You
                  | acquired it on level 3 of the Shoals)
 50833 | Shoals:3 | Identified the +1 ring mail "Udghogur" {Int+5 SInv} (You
                  | acquired it on level 3 of the Shoals)
 51172 | Zot:1    | Entered Level 1 of the Realm of Zot
 52025 | Zot:2    | Received a gift from Trog
 52379 | Zot:2    | Identified the +11 halberd "Jyofuobb" {vorpal, rN+ Dex+4}
 52594 | Zot:2    | You fall into a shaft and drop 2 floors!
 53027 | Zot:3    | Reached skill level 15 in Dodging
 53037 | Zot:3    | Reached XP level 25. HP: 250/250 MP: 21/22
 53050 | Zot:3    | Found a transporter.
 53175 | Zot:3    | Found a transporter.
 54090 | Zot:3    | Got a serpentine diamond amulet
 54095 | Zot:3    | Identified the amulet "Ryhaj" {Inacc Int+6} (You found it
                  | on level 3 of the Realm of Zot)
 54105 | Zot:3    | Got a brightly glowing glass ring
 54107 | Zot:3    | Identified the ring "Uhoil" {rF+ Str+2} (You found it on
                  | level 3 of the Realm of Zot)
 54220 | Zot:2    | Received a gift from Trog
 55787 | Zot:4    | Identified the Handbook of Might
 56804 | Zot:5    | Entered Level 5 of the Realm of Zot
 56804 | Zot:5    | Noticed a Killer Klown
 56929 | Zot:5    | Killed a Killer Klown
 57303 | Zot:5    | Received a gift from Trog
 57464 | Zot:5    | Noticed an ancient lich
 57470 | Zot:5    | Noticed an ancient lich
 57517 | Zot:4    | Killed an ancient lich
 57517 | Zot:4    | Reached XP level 26. HP: 27/261 MP: 2/22
 57974 | Zot:5    | Noticed an orb of fire
 57974 | Zot:5    | Noticed an orb of fire
 57994 | Zot:4    | Gained mutation: Scrolls take you a little longer to read.
                  | [an orb of fire]
 57997 | Zot:4    | Gained mutation: You occasionally shout uncontrollably at
                  | your foes. [an orb of fire]
 58001 | Zot:4    | HP: 4/261 [orb of fire/fireball (17)]
 58001 | Zot:4    | Killed from afar by an orb of fire

Levels and vault maps discovered:
D:1:      nicolae_arrival_kraken_aquarium_a, layout_loops_corners
D:2:      layout_loops_corners, first_ration
D:3:      layout_rooms, minmay_fractal_squares_gapless_5,
          uniq_crazy_yiuf_cottage, uniq_sigmund
D:4:      layout_basic, cheibrodos_sewer_entry_bend, uniq_duvessa, uniq_natasha
D:5:      layout_basic, nicolae_overflow_hidden_temple, uniq_menkaure
D:6:      layout_rooms, kennysheep_slug_shrine, serial_shops, shop,
          hangedman_abyss_or_decor_slice, corexii_hall_statues_t
D:7:      layout_rooms, xom_butterflies, minmay_temple_entry_large_hall,
          the_bakery
D:8:      layout_basic, kennysheep_mini, basic_altar, special_room
          [special_room_orc], enter_ossuary_2, bloody_makhleb
D:9:      layout_rooms, uniq_gastronok
D:10:     layout_loops_ring, special_room [special_room_kobold],
          grunt_ministairs_10, hangedman_tree_tricks, uniq_erolcha
D:11:     layout_gridville, due_lair_maze_entry_diamond,
          ebering_ghost_disaster_area
D:12:     layout_loops_ring, orc_0_dummy
D:13:     layout_irregular_city, david_vaults_1, minmay_fountain_box
D:14:     layout_gridville, palyth_stone_intersect, minmay_misc_feat_chi
D:15:     gammafunk_enter_depths_forms, layout_small_grid,
          minmay_misc_feat_pillars, small_statue_intersection
Lair:1:   layout_long_grid, grunt_megastairs_1
Lair:2:   layout_concentric_octagons, elwin_shoals_entry_rocks
Lair:3:   pond_and_an_island_with_a_cottage, layout_gridlike,
          spider_nest_entry_a, ebering_ghost_xom
Lair:4:   layout_cave_pods, serial_bayou_pond_b
Lair:5:   layout_gridlike, nicolae_volcano_entry_hallway
Lair:6:   cheibrodos_lair_end_hotspot, layout_gridlike, slime_dummy,
          minivault_19
Shoals:1: layout_shoals, ebering_ghost_gozag
Shoals:2: layout_shoals
Shoals:3: nicolae_shoals_island_circles, layout_shoals, serial_shops,
          nicolae_shop_waterfront, shop, shop,
          nicolae_shop_temple_entry_statues_fountains, uniq_nikola
Shoals:4: shoals_end_grunt_ice, layout_shoals, shoal_ilsuiw, serial_shops, shop
Spider:1: cheibrodos_spider_deadly_dance, minmay_another_anthill
Spider:2: layout_spider_delve, uniq_kirke
Spider:3: layout_spider_delve, nicolae_spider_cling_ruins, uniq_bai_suzhen,
          uniq_roxanne
Spider:4: grunt_spider_rune_island
Orc:1:    layout_caves
Orc:2:    st_orc_mages, layout_caves, gammafunk_ghost_fury_of_okawaru
Vaults:1: v_misc_1, v_misc_33, v_misc_28, v_misc_16, hangedman_vaults_snaps,
          v_misc_16, nicolae_vaults_sealed_display, vaults_room_pools,
          v_alt_pattern_6, vaults_room_guarded_vault, ontoclasm_vaults_pinch,
          layout_vaults_omnibox
Vaults:2: ploomutoo_gammafunk_vaults_ghost_potion_laboratory,
          vaults_room_door_ring, nicolae_vaults_network_quinsquares
          [nicolae_vaults_network_quincunx_subvault,
          nicolae_vaults_network_quincunx_subvault,
          nicolae_vaults_network_quincunx_subvault,
          nicolae_vaults_network_quincunx_subvault], vaults_dpeg_cross,
          grunt_vaults_funnel, nicolae_vaults_network_square,
          grunt_vaults_diagonal, ontoclasm_vaults_eye, vaults_dpeg_diagonal,
          vaults_room_fancy_cross, vaults_room_fours,
          ontoclasm_vaults_ring_square, layout_vaults_omnicross, serial_shops,
          nicolae_shop_temple_entry_statues_fountains, uniq_xtahua
Vaults:3: hangedman_vaults_hat, hangedman_vaults_stretched_pinwheel, v_misc_30,
          minmay_crypt_entry_nasty_monster, hangedman_vaults_impose, v_misc_17,
          nicolae_vaults_statue_guard, hangedman_vaults_cutoff,
          vaults_room_ringed_pool, nicolae_vaults_little_ls,
          layout_vaults_omnigrid, basic_altar, uniq_frederick
Vaults:4: v_alt_pattern_6, grunt_vaults_swirl, ontoclasm_vaults_ring_square,
          v_pattern_4, nicolae_vaults_inception_statues, v_misc_22,
          hangedman_vaults_restitches, nicolae_vaults_yaktaur_gun_rack,
          vaults_room_stairs_pillars, nicolae_vaults_what_the_h,
          vaults_room_hallway, nicolae_vaults_shelves_hall,
          layout_vaults_chaotic_city
Vaults:5
Crypt:1:  layout_basic, uniq_mara, uniq_margery, uniq_khufu
Depths:1: layout_long_grid, abyss_entry_crystal, hell_entry,
          serial_bayou_shore_b, nrook_uturn, minmay_misc_feat_five,
          minmay_starry_boxes, grunt_megastairs_2, uniq_asterion
Depths:2: minmay_complete_graph, layout_twisted_cross, enter_ziggurat_e,
          rand_demon_pan_entry_7, hell_entry, abyss_entry
Depths:3: minmay_the_grid_four_pointed_star_mashed
          [minmay_the_grid_triangle_9x9_sprig,
          minmay_the_grid_triangle_9x9_windchime,
          minmay_the_grid_triangle_9x9_descending_squares,
          minmay_the_grid_triangle_9x9_from_above,
          minmay_the_grid_prize_inner_circle], layout_gridlike, pf_coc_iceberg,
          rand_demon_pan_entry_4, bh_walls_and_bars, uniq_saint_roka
Depths:4: lemuel_river_lethe, abyss_entry, serial_shops, hell_entry
Depths:5: grunt_zot_entry_gee_three, layout_honeycomb, nicolae_two_hexagons,
          rand_demon_pan_entry_1, hell_entry
Zot:1:    layout_onion_interference, grunt_megastairs_3
Zot:2:    layout_onion_interference, hangedman_elemental_corridor
Zot:3:    gammafunk_its_a_trap, layout_basic
Zot:4:    layout_misc_corridors
Zot:5:    layout_cathedral_of_symmetry, grunt_ministairs_2

Skill      XL: |  1  2  3  4  5  6  7  8  9 10 11 12 13 14 15 16 17 18 19 20 21 22 23 24 25 26 |
---------------+-------------------------------------------------------------------------------+-----
Polearms       | 4 5 6 7 8 9 12 14 16 18 20 21 22 23 24 25 26 27 | 27.0
Fighting       | 4 5 6 8 9 10 12 13 15 16 18 19 20 21 22 23 24 25 26 | 26.1
Armour         | 3 6 7 8 10 11 12 13 14 15 16 17 | 17.2
Dodging        | 3 4 5 6 7 9 10 11 12 13 14 15 | 15.5
Stealth        | 1 2 3 4 5 6 7 8 |  8.1
Shields        | 2 3 4 6 10 13 16 20 22 23 25 26 | 26.0
Throwing       | 1 2 4 6 7 8 9 10 11 12 | 12.0
Evocations     | |  0.2

Action                   |  1- 3 |  4- 6 |  7- 9 | 10-12 | 13-15 | 16-18 | 19-21 | 22-24 | 25-27 || total
-------------------------+-------+-------+-------+-------+-------+-------+-------+-------+-------++-------
Melee: Spear             |   101 |   109 |   109 |       |       |       |       |       |       ||   319
       Headbutt          |    11 |    12 |    26 |    82 |   149 |   219 |   527 |   592 |   164 ||  1782
       Glaive            |       |       |   233 |   468 |   885 |   939 |       |       |       ||  2525
       Bardiche          |       |       |       |       |    22 |       |       |       |       ||    22
       Halberd           |       |       |       |       |       |     7 |       |       |       ||     7
       Trident           |       |       |       |       |       |   283 |  1660 |  1808 |   469 ||  4220
Throw: Dart              |       |       |       |     4 |    57 |   121 |     2 |       |       ||   184
       Javelin           |       |       |       |       |       |     9 |    78 |    62 |    49 ||   198
Invok: Berserk           |     1 |     2 |     4 |     3 |    11 |    11 |     7 |     6 |     3 ||    48
       Trog's Hand       |       |       |     2 |     1 |     2 |     3 |     2 |     2 |     2 ||    14
       Brothers in Arms  |       |       |       |       |       |     2 |       |     3 |     3 ||     8
Evoke: Wand              |       |       |       |       |       |     1 |     1 |       |       ||     2
  Use: Potion            |       |       |     1 |     2 |       |    10 |     6 |    10 |     9 ||    38
       Scroll            |       |       |     8 |    10 |    16 |    19 |    17 |    11 |     4 ||    85
 Stab: Sleeping          |     1 |     2 |     8 |       |       |     6 |    12 |     1 |       ||    30
       Distracted        |       |       |       |       |     1 |     1 |     4 |     9 |       ||    15
       Held in net/web   |       |       |       |       |       |     3 |       |       |       ||     3
       Invisible         |       |       |       |       |       |       |       |       |     2 ||     2
  Eat: Chunk             |     1 |     7 |    12 |    19 |    23 |    18 |    28 |    14 |     3 ||   125
       Ration            |       |       |     2 |       |     6 |     8 |     4 |     9 |     5 ||    34
Armor: Animal skin       |     7 |    12 |     4 |       |       |       |       |       |       ||    23
       Skin              |       |       |    24 |       |       |       |       |       |       ||    24
       Plate armour      |       |       |    73 |    81 |   155 |   148 |       |       |       ||   457
       Chain mail        |       |       |       |    24 |    59 |       |       |    63 |    80 ||   226
       Ring mail         |       |       |       |       |       |   170 |   133 |    97 |       ||   400
Dodge: Dodged            |    41 |    34 |    97 |   286 |   531 |   761 |   409 |   473 |   228 ||  2860
Block: Shield            |       |    43 |    30 |       |       |       |       |       |       ||    73
       Large shield      |       |       |       |       |       |   121 |   954 |  1257 |   539 ||  2871

Table legend:
 A = Non-vault XP
 B = Vault XP
 C = Vault XP percentage of total XP
 D = Non-vault monster count
 E = Vault monster count
 F = Vault count percentage of total count
                 A         B        C        D         E       F
            +---------+---------+-------+---------+---------+-------
      Total |  792294 |  535619 |  40.3 |    1528 |     734 |  32.4
            +---------+---------+-------+---------+---------+-------
        D:1 |      55 |       0 |   0.0 |      35 |       0 |   0.0
        D:2 |     133 |       0 |   0.0 |      12 |       0 |   0.0
        D:3 |     273 |     270 |  49.7 |      27 |       5 |  15.6
        D:4 |     740 |     234 |  24.0 |      16 |       4 |  20.0
        D:5 |     723 |     157 |  17.8 |      29 |       1 |   3.3
        D:6 |     636 |       4 |   0.6 |      18 |       1 |   5.3
        D:7 |     709 |     229 |  24.4 |      11 |       1 |   8.3
        D:8 |     775 |     506 |  39.5 |      15 |      25 |  62.5
        D:9 |     950 |    2005 |  67.9 |      25 |       1 |   3.8
       D:10 |    2884 |    1949 |  40.3 |      29 |      17 |  37.0
       D:11 |    4940 |    2247 |  31.3 |      32 |      11 |  25.6
       D:12 |    5520 |       0 |   0.0 |      41 |       0 |   0.0
       D:13 |    7805 |    3038 |  28.0 |      41 |       4 |   8.9
       D:14 |   14288 |       0 |   0.0 |      49 |       0 |   0.0
       D:15 |   13230 |    4120 |  23.7 |      41 |      11 |  21.2
     Lair:1 |    3738 |     343 |   8.4 |      19 |       1 |   5.0
     Lair:2 |    3605 |       0 |   0.0 |      18 |       0 |   0.0
     Lair:3 |    3533 |    1438 |  28.9 |      21 |       7 |  25.0
     Lair:4 |   16456 |     433 |   2.6 |      46 |       2 |   4.2
     Lair:5 |    1471 |       0 |   0.0 |       7 |       0 |   0.0
     Lair:6 |    9528 |    8428 |  46.9 |      33 |      25 |  43.1
   Shoals:1 |   15040 |       0 |   0.0 |      27 |       0 |   0.0
   Shoals:2 |   15667 |       0 |   0.0 |      33 |       0 |   0.0
   Shoals:3 |   10102 |    3561 |  26.1 |      22 |       1 |   4.3
   Shoals:4 |   19685 |   29006 |  59.6 |      41 |      41 |  50.0
   Spider:1 |    5694 |   15100 |  72.6 |      14 |      51 |  78.5
   Spider:2 |   13712 |    2971 |  17.8 |      46 |       5 |   9.8
   Spider:3 |   14242 |    4846 |  25.4 |      34 |       1 |   2.9
   Spider:4 |   19473 |   27239 |  58.3 |      52 |      45 |  46.4
      Orc:1 |    4901 |       0 |   0.0 |      47 |       0 |   0.0
      Orc:2 |    3029 |   10743 |  78.0 |      22 |      49 |  69.0
   Vaults:1 |   22366 |   28169 |  55.7 |      36 |      49 |  57.6
   Vaults:2 |   44780 |   21456 |  32.4 |      77 |      24 |  23.8
   Vaults:3 |   17075 |   18013 |  51.3 |      30 |      13 |  30.2
   Vaults:4 |   46732 |   18742 |  28.6 |      67 |      33 |  33.0
   Vaults:5 |   26920 |  148259 |  84.6 |      47 |     102 |  68.5
   Depths:1 |   55179 |   15936 |  22.4 |      81 |      14 |  14.7
   Depths:2 |   29754 |   28313 |  48.8 |      35 |      21 |  37.5
   Depths:3 |   58687 |   24758 |  29.7 |      79 |      27 |  25.5
   Depths:4 |   18387 |   13836 |  42.9 |       4 |      33 |  89.2
   Depths:5 |   32137 |   24055 |  42.8 |      33 |      22 |  40.0
      Zot:1 |   37762 |   10008 |  21.0 |      22 |       8 |  26.7
      Zot:2 |   57283 |   10477 |  15.5 |      36 |       4 |  10.0
      Zot:3 |   42563 |   10349 |  19.6 |      26 |       7 |  21.2
      Zot:4 |   67565 |   12092 |  15.2 |      39 |       2 |   4.9
      Zot:5 |   21567 |   25102 |  53.8 |      13 |      10 |  43.5
      Sewer |       0 |     148 | 100.0 |       0 |       6 | 100.0
    Ossuary |       0 |     272 | 100.0 |       0 |      39 | 100.0
    Volcano |       0 |    6767 | 100.0 |       0 |      11 | 100.0
            +---------+---------+-------+---------+---------+-------
